 Dungeon Crawl Stone Soup version 0.28.0-53-g5a82cb258f (webtiles) character file.

Game seed: 2217262961607254498

1584 LustLizard the Cleaver (level 8, -2/106 HPs)
             Began as a Minotaur Berserker on July 8, 2022.
             Was a Priest of Trog.
             Killed from afar by Maggie (22 damage)
             ... with a bolt of fire
             ... on level 6 of the Dungeon.
             The game lasted 00:10:16 (5096 turns).

LustLizard the Cleaver (Minotaur Berserker)         Turns: 5096, Time: 00:10:17

Health: -2/106     AC: 12    Str: 23    XL:     8   Next: 61%
Magic:  0/7        EV:  8    Int:  6    God:    Trog [***...]
Gold:   160        SH:  0    Dex:  9    Spells: 7/7 levels left

rFire   . . .      SeeInvis .   i - +2 flail (holy)
rCold   . . .      Faith    .   (no shield)
rNeg    . . .      Spirit   +   u - +2 chain mail {rPois}
rPois   +          Reflect  .   (helmet restricted)
rElec   .          Harm     .   (no cloak)
rCorr   +          Rampage  .   l - +1 pair of gloves
Will    .....                   (no boots)
Stlth   ..........              j - amulet of guardian spirit
HPRegen 0.27/turn               p - ring of resist corrosion
MPRegen 0.10/turn               (no ring)

@: berserking, studying Shields, very quick
A: horns 2, retaliatory headbutt
a: Renounce Religion, Berserk, Trog's Hand


You were on level 6 of the Dungeon.
You worshipped Trog.
Trog was most pleased with you.
You visited 1 branch of the dungeon, and saw 6 of its levels.

You collected 193 gold pieces.
You spent 33 gold pieces at shops.

Inventory:

Hand Weapons
 a - a +0 hand axe
 i - a +2 flail of holy wrath (weapon)
 o - a +0 war axe
Missiles
 e - 120 stones (quivered)
 s - a throwing net
 t - 13 poisoned darts
Armour
 b - a +0 animal skin
 c - a +0 ring mail
 d - a +1 scale mail of willpower
 l - a +1 pair of gloves (worn)
 u - a +2 chain mail of poison resistance (worn)
 x - a +0 buckler
Jewellery
 j - an amulet of guardian spirit (around neck)
 p - a ring of resist corrosion (left hand)
Scrolls
 f - 3 scrolls of teleportation
 k - 3 scrolls of blinking {unknown}
 m - a scroll of silence {unknown}
 n - a scroll of fear {unknown}
 v - a scroll of fog {unknown}
Potions
 g - 6 potions of curing
 h - 2 potions of haste
 r - a potion of magic
 w - a potion of flight


   Skills:
 + Level 6.9 Fighting
 * Level 9.1 Axes
 * Level 6.6 Throwing
 - Level 2.4 Armour
 - Level 2.1 Dodging
 * Level 0.0 Shields


You had 7 spell levels left.
You didn't know any spells.
Your spell library was empty.

Dungeon Overview and Level Annotations

Branches:
Dungeon (6/15)             Temple (0/1) D:4

Altars:
Fedhas
Nemelex Xobeh
Okawaru
Trog
Xom

Shops:
D:2 *[[   D:4 [:![   D:5 (

Annotations:
D:6 Maggie


Innate Abilities, Weirdness & Mutations

You have a pair of horns on your head.
You reflexively headbutt those who attack you in melee.


Message History

You feel much better. Maggie barely misses you. You furiously retaliate!
You headbutt Maggie! You closely miss Maggie.
Maggie is moderately wounded.
Maggie smiles, but it's obviously fake.
Maggie hits you with a +2 morningstar of flaming!
Maggie burns you.
You sock Maggie!
Maggie is moderately wounded.
Maggie hits you with a +2 morningstar of flaming!
Maggie burns you.
You hit Maggie.
Maggie is heavily wounded.
Maggie hits you with a +2 morningstar of flaming.
Maggie burns you.
You barely miss Maggie. Your headbutt misses Maggie.
Maggie is heavily wounded.
Maggie hits you with a +2 morningstar of flaming.
Maggie burns you.
You barely miss Maggie.
Maggie is heavily wounded.
You break out of your daze.
Maggie closely misses you.
A red film seems to cover your vision as you go berserk!
You feel yourself moving faster!
You feel mighty!
Maggie hits you with a +2 morningstar of flaming.
* * * LOW HITPOINT WARNING * * *
Maggie burns you.
* * * LOW HITPOINT WARNING * * *
You closely miss Maggie. You headbutt Maggie.
Maggie is heavily wounded.
Maggie hits you with a +2 morningstar of flaming.
* * * LOW HITPOINT WARNING * * *
Maggie burns you.
* * * LOW HITPOINT WARNING * * *
You barely miss Maggie. Your headbutt misses Maggie.
Maggie is heavily wounded.
Maggie points at you and mumbles some strange words.
The bolt of fire hits you!!
You die...

##### #...# #...#
#.!.# #...# #@(.#
#@..# # #...#
#.......#.###...###..
.....................
#...............###.)
#.......#####.#.#
#.......# #...#...
#.......# #.#####.#
##.......###.#####...


You could see Maggie.

Vanquished Creatures
  A water moccasin (D:4)
  Edmund (D:5)
  3 ice beasts (D:5)
  A black bear (D:5)
  An ogre (D:4)
  2 centaurs (D:4)
  2 kobold brigands (D:5)
  A scorpion (D:5)
  A howler monkey (D:4)
  A bullfrog zombie (D:5)
  3 hounds
  An orc priest (D:5)
  2 centaur skeletons (D:4)
  A scorpion zombie (D:5)
  Natasha (thrice) (D:3)
  2 iguanas (D:5)
  An orc wizard (D:3)
  3 adders
  2 shadow imps (D:5)
  An adder skeleton (D:4)
  16 orcs
  7 ball pythons
  4 bats
  5 endoplasms
  2 giant cockroaches
  8 hobgoblins
  12 kobolds
  3 quokkas
  4 frilled lizards (D:1)
  4 goblins
  A rat (D:3)
99 creatures vanquished.

Notes
Turn   | Place    | Note
-------+----------+-------------------------------------------
     0 | D:1      | LustLizard the Minotaur Berserker began the quest for the
                  | Orb.
     0 | D:1      | Reached XP level 1. HP: 19/19 MP: 0/0
   257 | D:1      | Reached skill level 4 in Axes
   327 | D:1      | Reached XP level 2. HP: 27/27 MP: 1/1
   344 | D:1      | Found a faded altar of an unknown god.
   941 | D:1      | Reached skill level 1 in Throwing
  1152 | D:2      | Found Miaxionop's Antique Armour Emporium.
  1480 | D:2      | Found Dupsaoptaro's Antique Armour Boutique.
  1598 | D:2      | Reached XP level 3. HP: 33/33 MP: 2/2
  1605 | D:2      | Found Doyfoag's Assorted Antiques.
  1785 | D:3      | Found a blossoming altar of Fedhas.
  1787 | D:3      | Found a shimmering altar of Xom.
  1887 | D:3      | Found a bloodstained altar of Trog.
  1892 | D:3      | Reached ** piety under Trog
  1944 | D:3      | Reached XP level 4. HP: 30/40 MP: 3/3
  2099 | D:3      | Reached skill level 5 in Axes
  2264 | D:3      | Noticed Natasha
  2278 | D:3      | Killed Natasha
  2343 | D:3      | Noticed Natasha
  2353 | D:3      | Killed Natasha
  2354 | D:3      | Reached XP level 5. HP: 45/47 MP: 4/4
  2508 | D:3      | Noticed Natasha
  2516 | D:3      | Killed Natasha
  2590 | D:4      | Found Seon's Antique Armour Shoppe.
  2591 | D:4      | Found Plog's Distillery.
  2593 | D:4      | Found Icios's Armour Shoppe.
  2593 | D:4      | Found Ikia's Book Shoppe.
  2614 | D:4      | Bought a potion of curing for 33 gold pieces
  2707 | D:4      | Noticed an ogre
  2714 | D:4      | Killed an ogre
  2715 | D:4      | Reached skill level 6 in Axes
  2715 | D:4      | Reached XP level 6. HP: 55/55 MP: 5/5
  2738 | D:4      | Reached skill level 5 in Fighting
  2773 | D:4      | Noticed a water moccasin
  2810 | D:4      | Killed a water moccasin
  2852 | D:4      | Reached XP level 7. HP: 33/61 MP: 2/6
  2886 | D:4      | Reached skill level 7 in Axes
  3285 | D:4      | Found a staircase to the Ecumenical Temple.
  3505 | D:5      | Entered Level 5 of the Dungeon
  3603 | D:5      | Reached skill level 5 in Throwing
  3726 | D:5      | Found Ehinatul's Antique Weapon Shoppe.
  3818 | D:5      | Found a sparkling altar of Nemelex Xobeh.
  3854 | D:5      | Noticed Edmund
  3868 | D:5      | Killed Edmund
  3936 | D:5      | Found an iron altar of Okawaru.
  4012 | D:5      | Reached skill level 8 in Axes
  4012 | D:5      | Reached XP level 8. HP: 59/70 MP: 5/7
  4277 | D:5      | Reached *** piety under Trog
  4601 | D:5      | Reached skill level 9 in Axes
  5079 | D:6      | Noticed Maggie
  5096 | D:6      | Killed from afar by Maggie

Illustrated notes

Levels and vault maps discovered:
D:1:      beargit_arrival_diablo_church, layout_loops_corners,
          hellmonk_ecumenical_altar_prayer_group
D:2:      layout_basic, serial_shops, shop, shop_statue, shop,
          kennysheep_cluttered_room
D:3:      layout_rooms, general_overflow_altar,
          chequers_temple_overflow_statue_of_worship, uniq_natasha
D:4:      layout_cave_pools, minmay_temple_entry_wispy, grunt_ministairs_5,
          kennysheep_cross_room, minmay_shop_grid_forest, minmay_manual_mares
D:5:      cheibrodos_thug_alley, layout_basic, mainiacjoe_overflow_boulevard,
          mainiacjoe_overflow_paths, serial_shops, kennysheep_mini,
          small_statue_intersection, minmay_quadrilaterals, uniq_edmund
D:6:      layout_basic, uniq_pikel, uniq_maggie

Skill      XL: |  1  2  3  4  5  6  7  8 |
---------------+-------------------------+-----
Axes           | 4 5 6 8 9 |  9.1
Throwing       | 1 2 3 4 5 6 |  6.6
Fighting       | 4 5 6 |  6.9
Armour         | |  2.4
Dodging        | |  2.1

Action                   |  1- 3 |  4- 6 |  7- 9 || total
-------------------------+-------+-------+-------++-------
Melee: Hand axe          |    88 |     6 |       ||    94
       Headbutt          |     9 |     9 |    22 ||    40
       War axe           |       |    54 |    38 ||    92
       Flail             |       |       |    81 ||    81
       Punch             |       |       |     2 ||     2
Throw: Stone             |     2 |    54 |     4 ||    60
       Dart              |       |     1 |     2 ||     3
Invok: Berserk           |       |       |     2 ||     2
  Use: Scroll            |       |     1 |     3 ||     4
       Potion            |       |       |     1 ||     1
Armor: Scale mail        |    45 |    22 |       ||    67
       Chain mail        |       |     7 |    79 ||    86
       Skin              |       |     1 |       ||     1
Dodge: Dodged            |    46 |    32 |    65 ||   143
